 Dungeon Crawl Stone Soup version 0.19.5 (webtiles) character file.

6967 Rrauwl the Cleaver (level 11, -6/92 HPs)
             Began as a Hill Orc Fighter on Mar 8, 2017.
             Was a Believer of Sif Muna.
             Mangled by a catoblepas (14 damage)
             ... on level 10 of the Dungeon on Mar 11, 2017.
             The game lasted 00:52:59 (9089 turns).

Rrauwl the Cleaver (Hill Orc Fighter)               Turns: 9089, Time: 00:53:00

Health: -6/92      AC: 17    Str: 24    XL:     11   Next: 7%
Magic:  17/17      EV:  2    Int: 10    God:    Sif Muna [**....]
Gold:   526        SH:  0    Dex: 10    Spells: 1 memorised, 17 levels left

rFire  . . .     SeeInvis .     N - +3 battleaxe
rCold  + . .     Gourm    .     A - +2 ring mail {rPois}
rNeg   + + +     Faith    .     (shield currently unavailable)
rPois  ∞         Spirit   .     y - +1 helmet
rElec  .         Reflect  .     b - +1 cloak
rCorr  .         Harm     .     t - +2 pair of gloves
MR     .....     Rnd*Tele +     J - +0 pair of boots {Stlth+}
Stlth  ++........               (no amulet)
                                r - +3 ring of strength
                                s - ring of protection from cold

@: petrified, very slightly contaminated
A: large bone plates 1, blink, teleportitis 1
a: Blink, Divine Energy, Renounce Religion


You were on level 10 of the Dungeon.
You worshipped Sif Muna.
Sif Muna was pleased with you.
You were not hungry.

You visited 2 branches of the dungeon, and saw 11 of its levels.
You also visited: Sewer.

You collected 526 gold pieces.

Inventory:

Hand Weapons
 a - a +1 war axe
 e - a +2 flail of draining
 N - a +3 battleaxe (weapon)
Missiles
 h - 2 throwing nets (quivered)
Armour
 b - a +1 cloak (worn)
 c - a +0 shield
 t - a +2 pair of gloves (worn)
 y - a +1 helmet (worn)
 A - a +2 ring mail of poison resistance (worn)
 J - a +0 pair of boots of stealth (worn)
Jewellery
 o - a +1 ring of evasion
 p - an uncursed ring of magical power
 r - a +3 ring of strength (right hand)
 s - a ring of protection from cold (left hand)
Wands
 g - a wand of random effects (25/48)
 w - a wand of heal wounds (4/9)
 x - a wand of paralysis (24/24)
Scrolls
 d - 8 scrolls of teleportation
 k - 2 scrolls of amnesia
 l - 4 scrolls of magic mapping
 m - a scroll of blinking
 n - a scroll of enchant weapon
 u - 4 scrolls of remove curse
 z - 3 scrolls of noise
 F - a scroll of enchant armour
 H - 4 scrolls of fear
 I - a scroll of recharging
Potions
 i - 5 potions of curing
 j - 2 potions of lignification
 q - 5 potions of flight
 v - a potion of brilliance {unknown}
 D - a potion of resistance {unknown}
 E - a potion of haste
 K - a potion of ambrosia
 L - 2 potions of cancellation
 O - a potion of agility
Books
 C - a book of Changes

   Spells                             Type                      Level
   a - Beastly Appendage              Transmutation                1
   b - Sticks to Snakes               Transmutation                2
   c - Spider Form                    Transmutation/Poison         3
   d - Ice Form                       Ice/Transmutation            4
   e - Blade Hands                    Transmutation                5
 P - a book of Air

   Spells                             Type                      Level
   a - Shock                          Conjuration/Air              1
   b - Swiftness                      Charms/Air                   2
   c - Repel Missiles                 Charms/Air                   2
   d - Static Discharge               Conjuration/Air              3
   e - Lightning Bolt                 Conjuration/Air              5
 Q - a book of Enchantments

   Spells                             Type                      Level
   a - Cause Fear                     Hexes                        4
   b - Yara's Violent Unravelling     Hexes/Transmutation          5
   c - Silence                        Hexes/Air                    5
   d - Deflect Missiles               Charms/Air                   6
   e - Discord                        Hexes                        8
Comestibles
 f - 10 bread rations
 G - 7 slices of pizza
 M - 6 chunks of flesh


   Skills:
 - Level 7.3 Fighting
 + Level 13.5 Axes
 - Level 1.0 Throwing
 + Level 5.9 Armour
 - Level 3.0 Dodging
 - Level 1.0 Stealth
 - Level 5.0 Shields
 - Level 4.0 Spellcasting
 + Level 2.8 Conjurations
 + Level 2.3 Air Magic
 - Level 6.2 Invocations
 - Level 3.0 Evocations


You had 17 spell levels left.
You knew the following spells:

 Your Spells              Type           Power        Failure   Level  Hunger
a - Shock                 Conj/Air       #...         14%         1    #......


Dungeon Overview and Level Annotations

Branches:
Dungeon (10/15)            Temple (1/1) D:4             Orc (0/2) D:10
   Lair: D:8-11

Altars:
Ashenzari
Cheibriados
Dithmenos
Elyvilon
Fedhas
Gozag
Hepliaklqana
Kikubaaqudgha
Makhleb
Nemelex Xobeh
Okawaru
Qazlal
Ru
Sif Muna
Trog
Uskayaw
Vehumet
Xom
Yredelemnul
Zin
The Shining One

Shops:
D:4 (


Innate Abilities, Weirdness & Mutations

You are partially covered in large bone plates. (SH +4)
You can translocate small distances at will.
You are occasionally teleported next to monsters.


Message History

You feel much better.
This wand has 4 charges left.
You are engulfed in calcifying dust.
You are slowing down.
The catoblepas gores you!
You feel better. The catoblepas barely misses you.
Your limbs are stiffening.
You slice the catoblepas!!
The catoblepas is severely wounded.
The catoblepas barely misses you. The catoblepas gores you!!
You have turned to stone.
The catoblepas gores you!
* * * LOW HITPOINT WARNING * * *
A worker ant zombie comes into view.
The catoblepas gores you!
* * * LOW HITPOINT WARNING * * *
The catoblepas breathes a plume of calcifying dust at you.
The blast of calcifying dust hits you!
You are engulfed in calcifying dust.
The catoblepas gores you!
* * * LOW HITPOINT WARNING * * *
You are engulfed in calcifying dust.
The catoblepas gores you!!
You die...

#≈........#)≈##..Y.§.....##
#≈.######.#.§##......##D.#
#§.#....#.#.≈#...........#
#≈.#.##.#.#.§#...........#.
#≈.#.#..#.#.≈#..#.###......
#≈.#(####.#Z≈# ..###....#
#§.#......#.≈####.#......#
#≈.########Y≈#..#.##.....#
#≈........@.§#...........#
#≈.≈≈≈≈≈≈§≈≈≈#.....#.......
###'###########....<.....###
#.....'.......##.#####...#
#.#####.....#.##.# ...# #.#
#######.##.# #..# #.# ####.#
..# #.# #######.# ..# #.#
#.......#


You could see a catoblepas and a worker ant zombie.

Vanquished Creatures
  A centaur warrior (D:10)
  Pikel (D:8)
  Joseph (D:8)
  A yaktaur (D:10)
  A tengu conjurer (D:10)
  A hungry ghost (D:7)
  A human (D:7)
  4 hogs
  Edmund (D:5)
  2 sky beasts
  A water moccasin (D:6)
  The ghost of BugsBunnySan the Ruffian, an amateur TrMo (D:4)
  An orc warrior (D:9)
  2 ice beasts (D:7)
  2 slaves (D:8)
  An eye of draining (D:9)
  4 ogres
  2 necrophages (D:9)
  2 centaurs
  A crocodile (D:9)
  A big kobold (Sewer)
  4 bullfrogs
  A gnoll sergeant (D:9)
  4 scorpions
  5 killer bees (D:9)
  9 wights
  An electric eel (D:7)
  2 howler monkeys
  A bullfrog zombie (D:8)
  3 crimson imps
  A centaur zombie (D:6)
  6 hounds
  A quasit (D:10)
  A bullfrog skeleton (D:7)
  2 jellies
  5 orc priests
  7 orc wizards
  An iguana (D:6)
  Ijyb (D:2)
  6 worker ants
  A hound skeleton (D:10)
  7 gnolls
  11 adders
  A river rat (Sewer)
  A shadow imp (D:6)
  3 oozes
  An adder skeleton (D:4)
  3 worms
  A dart slug (D:3)
  10 leopard geckos
  39 orcs
  2 ball pythons
  10 bats
  7 giant cockroaches
  10 goblins
  7 hobgoblins
  8 jackals
  11 kobolds
  4 quokkas
  6 frilled lizards
  12 rats
248 creatures vanquished.

Vanquished Creatures (others)
  A wight (D:8)
  A crimson imp (D:10)
  A worker ant (D:8)
3 creatures vanquished.

Grand Total: 251 creatures vanquished

Notes
Turn   | Place    | Note
-------+----------+-------------------------------------------
     0 | D:1      | Rrauwl the Hill Orc Fighter began the quest for the Orb.
     0 | D:1      | Reached XP level 1. HP: 19/19 MP: 1/1
   131 | D:1      | Reached XP level 2. HP: 21/27 MP: 2/2
   373 | D:1      | Reached skill level 3 in Axes
   572 | D:1      | Reached XP level 3. HP: 32/33 MP: 3/3
   996 | D:2      | Noticed Ijyb
  1014 | D:2      | Killed Ijyb
  1014 | D:2      | Reached XP level 4. HP: 20/40 MP: 4/4
  1245 | D:2      | Reached skill level 4 in Axes
  1407 | D:2      | Reached XP level 5. HP: 23/46 MP: 5/5
  1412 | D:2      | Reached skill level 5 in Axes
  1897 | D:3      | Found a glowing drain.
  1902 | Sewer    | Entered a sewer
  1966 | Sewer    | Noticed a big kobold
  1978 | Sewer    | Killed a big kobold
  1978 | Sewer    | Reached skill level 6 in Axes
  1978 | Sewer    | Reached XP level 6. HP: 41/52 MP: 6/6
  1994 | Sewer    | Found a glowing silver altar of Zin.
  2169 | D:3      | Found a burning altar of Makhleb.
  2170 | D:3      | Noticed an Executioner
  2187 | D:3      | Found a glowing silver altar of Zin.
  2187 | D:3      | Noticed an angel
  2415 | D:3      | Reached skill level 7 in Axes
  2496 | D:3      | Gained mutation: You can translocate small distances at will. [potion of mutation]
  2496 | D:3      | Gained mutation: You are partially covered in large bone plates. (SH +4) [potion of mutation]
  2496 | D:3      | Gained mutation: You are occasionally teleported next to monsters. [potion of mutation]
  2664 | D:4      | Reached skill level 8 in Axes
  2782 | D:4      | Reached XP level 7. HP: 37/59 MP: 7/7
  2900 | D:4      | Found Abyuneabue's Antique Weapon Shoppe.
  2972 | D:4      | Reached skill level 9 in Axes
  3293 | D:4      | Found a staircase to the Ecumenical Temple.
  3338 | Temple   | Entered the Ecumenical Temple
  3786 | D:4      | Reached skill level 10 in Axes
  3923 | D:4      | Noticed BugsBunnySan's ghost (amateur TrMo)
  3933 | D:4      | Killed BugsBunnySan's ghost
  3933 | D:4      | Reached XP level 8. HP: 57/67 MP: 8/8
  3977 | D:4      | Found a bloodstained altar of Trog.
  3983 | D:4      | Found a deep blue altar of Sif Muna.
  3988 | D:4      | Became a worshipper of Sif Muna the Loreminder
  4008 | D:5      | Entered Level 5 of the Dungeon
  4008 | D:5      | Noticed Edmund
  4042 | D:5      | Killed Edmund
  4042 | D:5      | Reached skill level 5 in Fighting
  4042 | D:5      | Reached skill level 11 in Axes
  4667 | D:5      | Reached skill level 1 in Invocations
  4769 | D:5      | Reached skill level 1 in Evocations
  5082 | D:6      | Reached skill level 1 in Dodging
  5179 | D:6      | Reached skill level 1 in Spellcasting
  5351 | D:6      | Found a shimmering altar of Xom.
  5354 | D:6      | Found a shimmering altar of Xom.
  5354 | D:6      | Found a shimmering altar of Xom.
  5354 | D:6      | Found a shimmering altar of Xom.
  5428 | D:6      | Found a glowing golden altar of the Shining One.
  5432 | D:6      | Reached XP level 9. HP: 73/75 MP: 9/11
  5455 | D:6      | Found an ancient bone altar of Kikubaaqudgha.
  6242 | D:8      | Reached skill level 12 in Axes
  6294 | D:8      | Noticed Pikel
  6330 | D:8      | Killed Pikel
  6465 | D:8      | Reached * piety under Sif Muna
  6465 | D:8      | Reached skill level 5 in Invocations
  6471 | D:8      | Reached skill level 1 in Throwing
  6471 | D:8      | Reached skill level 1 in Stealth
  6471 | D:8      | Reached XP level 10. HP: 76/86 MP: 12/14
  6583 | D:7      | Found a sparkling altar of Nemelex Xobeh.
  6700 | D:7      | Found an iron altar of Okawaru.
  6703 | D:7      | Found a blossoming altar of Fedhas.
  6713 | D:7      | Found a hazy altar of Hepliaklqana.
  6716 | D:7      | Found a radiant altar of Vehumet.
  6897 | D:7      | Found a sacrificial altar of Ru.
  7118 | D:8      | Noticed Joseph
  7132 | D:8      | Killed Joseph
  7648 | D:8      | Found a white marble altar of Elyvilon.
  7890 | D:9      | Reached skill level 5 in Armour
  7899 | D:9      | Reached skill level 13 in Axes
  8063 | D:9      | Learned a level 1 spell: Shock
  8399 | D:9      | Reached skill level 1 in Air Magic
  8403 | D:9      | Reached skill level 5 in Shields
  8430 | D:9      | Reached skill level 1 in Conjurations
  8665 | D:10     | Entered Level 10 of the Dungeon
  8965 | D:10     | Found a staircase to the Orcish Mines.
  9009 | D:10     | Noticed a catoblepas
  9013 | D:10     | Noticed a four-headed hydra
  9030 | D:10     | Noticed a centaur warrior
  9057 | D:10     | Killed a centaur warrior
  9057 | D:10     | Reached ** piety under Sif Muna
  9057 | D:10     | Reached XP level 11. HP: 40/92 MP: 17/17
  9089 | D:10     | Mangled by a catoblepas

Skill      XL: |  1  2  3  4  5  6  7  8  9 10 |
---------------+-------------------------------+-----
Axes           | 3 4 6 8 10 11 12 13 | 13.5
Armour         | 4 5 |  5.9
Fighting       | 4 6 7 |  7.3
Shields        | 4 5 |  5.0
Invocations    | 2 5 6 |  6.2
Evocations     | 1 3 |  3.0
Dodging        | 1 2 3 |  3.0
Spellcasting   | 1 2 4 |  4.0
Throwing       | 1 |  1.0
Stealth        | 1 |  1.0
Air Magic      | 2 |  2.3
Conjurations   | 2 |  2.8

Action                   |  1- 3 |  4- 6 |  7- 9 | 10-12 || total
-------------------------+-------+-------+-------+-------++-------
Melee: War axe           |   183 |   174 |   411 |   148 ||   916
       Battleaxe         |       |       |       |   107 ||   107
 Cast: Shock             |       |       |       |     1 ||     1
Evoke: Wand              |       |       |       |     3 ||     3
  Use: Potion            |     2 |     5 |     2 |     3 ||    12
       Scroll            |       |    11 |     4 |     4 ||    19
 Stab: Invisible         |       |       |       |     2 ||     2
       Sleeping          |       |       |       |     1 ||     1
  Eat: Chunk             |     1 |     6 |    10 |     4 ||    21
       Pizza             |       |       |     1 |       ||     1
       Fruit             |       |       |     1 |     9 ||    10
       Beef jerky        |       |       |       |     2 ||     2
Armor: Scale mail        |    72 |    79 |    22 |       ||   173
       Ring mail         |       |       |    82 |    86 ||   168
Dodge: Dodged            |    76 |    46 |    78 |    95 ||   295
Block: Shield            |   101 |    85 |   186 |    80 ||   452
       Other             |       |       |       |    18 ||    18
